Cogmind - Beta 16.1 @@@ ROGUE MODE // 2026.06.22 @ 15:28:05 Player: Akl Result: Destroyed by ER-UQM(R) with Subdweller Laser Performance ------------- Evolutions (0) 0 Regions Visited (3) 600 Robots Destroyed (9) 45 Value Destroyed (120) 120 Prototype IDs (2) 40 Alien Tech Used (0) 0 Bonus (0) 0 TOTAL SCORE: 805 Bonus ------- None Cogmind --------- Core Integrity 0/250 Matter 289/300 Energy 193/200 System Corruption 0% Temperature Cool (6) Movement Rolling (110) Location -10/Subcaves Parts ------- > --- POWER (1) -------- Subdweller Power Source > --- PROPULSION (2) --- Subdweller Monowheel Subdweller Monowheel > --- UTILITY (2) ------ Subdweller Optics > --- WEAPON (2) ------- Battle Rifle Makeshift Hammer > --- INVENTORY (5) ---- Light Ion Engine Mining Laser Scrap Shield Fragment (48) Peak State ------------ > --- POWER ------------ Subdweller Power Source > --- PROPULSION ------- Spiked Treads Subdweller Monowheel > --- UTILITY ---------- Scrap Shield > --- WEAPON ----------- Battle Rifle Makeshift Hammer > --- INVENTORY -------- Light Ion Engine Subdweller Optics Mining Laser Scrap Shield Fragment [Rating: 16] Favorites ----------- Power Light Ion Engine Engine Light Ion Engine Propulsion Flight Unit Treads Spiked Treads Leg Aluminum Leg Wheel Subdweller Monowheel Flight Unit Flight Unit Utility Small Storage Unit Device Subdweller Optics Storage Small Storage Unit Processor Signal Interpreter Protection Scrap Shield Weapon Light Assault Rifle Energy Gun Small Laser Ballistic Gun Light Assault Rifle Special Weapon Mining Laser Impact Weapon Makeshift Hammer Build | -11 -10 -10 -10 ------- Run | Yrd Mat Min Sub Slots Evolved . | . . . . Power . | . . . . Propulsion . | . . . . Utility . | . . . . Weapon . | . . . . Parts Attached 22 | 6 1 8 7 Power 4 | 1 . 2 1 Engine 4 | 1 . 2 1 Core . | . . . . Reactor . | . . . . Propulsion 7 | 2 . 2 3 Treads 1 | . . . 1 Leg 2 | 2 . . . Wheel 2 | . . . 2 Hover . | . . . . Flight 2 | . . 2 . Utility 4 | 1 1 . 2 Device 1 | . . . 1 Storage 1 | 1 . . . Processor 1 | . 1 . . Hackware . | . . . . Protection 1 | . . . 1 Artifact . | . . . . Weapon 7 | 2 . 4 1 Energy Gun 1 | 1 . . . Energy Cannon . | . . . . Ballistic Gun 4 | 1 . 2 1 Ballistic Cannon . | . . . . Launcher . | . . . . Special Weapon 1 | . . 1 . Impact Weapon 1 | . . 1 . Slashing Weapon . | . . . . Piercing Weapon . | . . . . Special Melee Weapon . | . . . . Unidentified Prototypes . | . . . . Parts Lost 3 | . . 2 1 Power . | . . . . Propulsion 2 | . . 2 . Utility 1 | . . . 1 Weapon . | . . . . Highest Loss Streak 2 | . . 2 1 To Critical Strikes . | . . . . Average Backups 4 | . 1 6 3 Power . | . 1 . . Propulsion . | . . . . Utility 1 | . . 1 1 Weapon 2 | . . 3 1 Tool/Special . | . . . . Unused Backups 6 | . . 3 3 Power 1 | . . 1 . Propulsion . | . . . . Utility 3 | . . 1 2 Weapon 1 | . . 1 . Tool/Special 1 | . . . 1 Average Slot Usage (%) 94 | . 95 97 78 Engine 14 | . 14 14 14 Treads 1 | . . . 7 Leg 8 | . 28 6 . Flight 15 | . . 20 7 Storage 12 | . 14 14 1 Processor 11 | . 9 14 1 Protection 1 | . . . 12 Energy Gun 2 | . 14 . . Ballistic Gun 19 | . 14 21 14 Special Weapon 1 | . . 1 . Impact Weapon 4 | . . 3 13 Peak Build Rating 16 | 6 7 10 16 Average Rating 9 | 4 6 8 13 On Entrance 5 | . 6 7 9 Avg Prop Armor Cover (%) . | . . . . Naked Turns . | . . . . Heaviest Build 28 | 10 10 12 28 Greatest Support 40 | 20 20 20 40 Greatest Overweight (x) 3 | . . 3 3 Average Overweight (x) . | . . . 1 Largest Inventory Capacity 8 | 8 8 8 8 Average Capacity 7 | 6 8 8 5 Most Carried 8 | 1 4 8 7 Average Carried 5 | . 1 6 4 Final Capacity 8 | 8 8 8 5 Final Carried 7 | 1 4 7 3 Class Distribution -------------------- 58% | Mutant 39% | Scavenger-Mutant Dominant Class ---------------- Mutant | -10/Materials Scavenger-Mutant | -10/Mines Mutant | -10/Subcaves Resources | -11 -10 -10 -10 ----------- Run | Yrd Mat Min Sub Matter Collected 467 | 228 . 143 96 Remotely . | . . . . Salvage Created 172 | . . 128 44 Parts 16 | . . 15 1 Haulers Intercepted . | . . . . Recyclers Shooed . | . . . . Parts Field Recycled . | . . . . Retrieved Matter . | . . . . Parts Self-Destructed 5 | . . . 5 Prevented . | . . . . Parts Restored . | . . . . Kills | -11 -10 -10 -10 ------- Run | Yrd Mat Min Sub Combat Hostiles Destroyed 9 | . . 8 1 Guns 8 | . . 8 . Classes Destroyed 2 | . . 1 1 Swarmer 8 | . . 8 . Subdweller 1 | . . . 1 Best Kill Streak 3 | . . 3 1 Combat Bots Only 3 | . . 3 1 Max Kills in Single Turn 1 | . . 1 1 Gunslinging . | . . . . Exploded . | . . . . Melee . | . . . . Uniques/NPCs Destroyed . | . . . . Combat | -11 -10 -10 -10 -------- Run | Yrd Mat Min Sub Hostile Shots Fired 115 | . 25 66 24 Missed 30 | . 8 18 4 Hits 85 | . 17 48 20 Projectile 85 | . 17 48 20 Damage Taken 1014 | . 129 395 490 Core 250 | . 6 102 142 Absorbed by Shields . | . . . . Core Remaining (%) 100 | 100 . . . Volleys Fired 35 | . 1 30 4 Largest 2 | . 2 2 1 Hottest 100 | . 60 100 25 Shots Fired 52 | . 2 46 4 Gun 50 | . 2 44 4 Cannon . | . . . . Launcher . | . . . . Special 2 | . . 2 . Kinetic 40 | . 1 35 4 Thermal 12 | . 1 11 . Explosive . | . . . . Electromagnetic . | . . . . Robot Hit Streak 5 | . . 5 3 Robot Miss Streak 6 | . 2 6 1 Penetration Max . | . . . . Secondary Targets . | . . . . Shots Hit Robots 28 | . . 20 8 Core Hits 11 | . . 11 . Critical Kills 1 | . . 1 . Critical Parts Destroyed 1 | . . . 1 Critical Strikes 3 | . . 1 2 Destroy 2 | . . 1 1 Smash 1 | . . . 1 Melee Attacks 13 | . . 6 7 Impact 13 | . . 6 7 Slashing . | . . . . Piercing . | . . . . Sneak Attacks . | . . . . Combat Hostiles . | . . . . Follow-up Attacks . | . . . . Damage Inflicted 507 | . . 236 271 Guns 228 | . . 173 55 Cannons . | . . . . Explosions . | . . . . Melee 279 | . . 63 216 Ramming . | . . . . Kinetic 196 | . . 141 55 Thermal 32 | . . 32 . Explosive . | . . . . Electromagnetic . | . . . . Impact 279 | . . 63 216 Slashing . | . . . . Piercing . | . . . . Highest Corruption . | . . . . Average Corruption . | . . . . Corruption Purged . | . . . . Corruption Blocked . | . . . . Overload Shots . | . . . . Overflow Damage 14 | . . . 14 Projectiles . | . . . . Explosions . | . . . . Melee 14 | . . . 14 Knockbacks 3 | . . . 3 Impact 2 | . . . 2 Kinetic . | . . . . Secondary 1 | . . . 1 Self-Inflicted Damage . | . . . . Shots . | . . . . Rammed . | . . . . Targets Rammed . | . . . . Kicked . | . . . . Crushed . | . . . . Highest Temperature 40 | . 20 40 . Average Temperature 16 | . 15 16 . Received Heat Transfer 15 | . . . 15 Siege Activations . | . . . . Martial Activations . | . . . . Shielding Activations . | . . . . Robots Disrupted . | . . . . Combat Hostiles . | . . . . Robots Corrupted 1 | . . . 1 Combat Hostiles 1 | . . . 1 Parts Fried 1 | . . . 1 Impact Corruptions 1 | . . . 1 Robots Melted . | . . . . Combat Hostiles . | . . . . Parts Melted . | . . . . Heat Transferred 75 | . . 75 . Parts Sabotaged . | . . . . Parts Stolen . | . . . . Parts Stripped . | . . . . Power Chain Reactions . | . . . . Alert | -11 -10 -10 -10 ------- Run | Yrd Mat Min Sub Maximum Alert Level . | . . . . Low Security (%) 100 | 100 100 100 . Level 1 . | . . . . Level 2 . | . . . . Level 3 . | . . . . Level 4 . | . . . . Level 5 . | . . . . High Security . | . . . . Max Security . | . . . . Peak Influence 75 | . . 75 . Initial . | . . . . Average 10 | . . 13 . Influence Increases 196 | . . 196 . Destroy 0b10 Robot/C 160 | . . 160 . Destroy Leader 20 | . . 20 . Destroy Structure 1 | . . 1 . Lose Combat Pursuer 15 | . . 15 . Influence Decreases 196 | . . 196 . Time Decay 186 | . . 186 . Lost Part 10 | . . 10 . Squads Dispatched 1 | . 1 . . Investigation 1 | . 1 . . Extermination . | . . . . Reinforcement . | . . . . Assault . | . . . . Garrison . | . . . . Intercept . | . . . . Searches Triggered . | . . . . Construction Impeded . | . . . . Haulers Reinforced . | . . . . Active Scanning Responses . | . . . . Cargo Convoy Interrupts . | . . . . Stealth | -11 -10 -10 -10 --------- Run | Yrd Mat Min Sub Distress Signals 1 | . 1 . . Communications Jammed . | . . . . Distress Signals . | . . . . Times Spotted 23 | . 4 10 9 Peak Tracking Total 6 | . 5 3 6 Tactical Retreats 1 | . . 1 . Traps | -11 -10 -10 -10 ------- Run | Yrd Mat Min Sub Traps Triggered . | . . . . Indirectly . | . . . . Trap Hack Attempts . | . . . . Triggered . | . . . . Disarmed . | . . . . Reprogrammed . | . . . . Reused . | . . . . Traps Extracted . | . . . . Installed . | . . . . Triggered . | . . . . Machines | -11 -10 -10 -10 ---------- Run | Yrd Mat Min Sub Machines Disabled . | . . . . Max in Single Turn . | . . . . Machines Repaired . | . . . . Machines Dismantled . | . . . . Machines Sabotaged . | . . . . Overloaded Fab Kills . | . . . . Hacking | -11 -10 -10 -10 --------- Run | Yrd Mat Min Sub Machines Accessed 3 | . 2 1 . Terminals 2 | . 2 . . Fabricators . | . . . . Repair Stations . | . . . . Recycling Units . | . . . . Scanalyzers . | . . . . Garrison Access . | . . . . Total Hacks 5 | . 4 1 . Successful 3 | . 2 1 . Failed 2 | . 2 . . Catastrophic 1 | . 1 . . Database Lockouts . | . . . . Manual . | . . . . Terminals 4 | . 4 . . Fabricators . | . . . . Repair Stations . | . . . . Recycling Units . | . . . . Scanalyzers . | . . . . Garrison Access . | . . . . Terminal Hacks 3 | . 2 1 . Prototype ID Bank 1 | . 1 . . Open Door 1 | . . 1 . Alert Level 1 | . 1 . . Fabricator Hacks . | . . . . Repair Station Hacks . | . . . . Recycling Unit Hacks . | . . . . Scanalyzer . | . . . . Garrison Access Hacks . | . . . . Unauthorized Hacks . | . . . . Terminals . | . . . . Fabricators . | . . . . Repair Stations . | . . . . Recycling Units . | . . . . Scanalyzers . | . . . . Garrison Access . | . . . . Data Cores Recovered . | . . . . Used . | . . . . Hacking Detections 1 | . 1 . . Full Trace Events 1 | . 1 . . Feedback Events . | . . . . Feedback Blocked . | . . . . Robot Schematics Acquired . | . . . . Robots Built . | . . . . Authchips . | . . . . Time . | . . . . Total Robot Build Rating . | . . . . Part Schematics Acquired . | . . . . Parts Built . | . . . . Authchips . | . . . . Time . | . . . . Total Part Build Rating . | . . . . Part Studies Acquired . | . . . . Parts Repaired . | . . . . Time . | . . . . Parts Recycled . | . . . . Recycled Matter . | . . . . Retrieved Matter . | . . . . Retrieved Components . | . . . . Parts Scanalyzed . | . . . . Part Schematics Acquired . | . . . . Parts Damaged . | . . . . Bothacking | -11 -10 -10 -10 ------------ Run | Yrd Mat Min Sub Used RIF Installer . | . . . . Robots Hacked . | . . . . Non-combat . | . . . . Combat . | . . . . Robot Hacks Applied . | . . . . Relay Couplers Released . | . . . . Fabnet Peak Effective % . | . . . . Robots Rewired . | . . . . Allies Hacked . | . . . . Hacks Repelled . | . . . . Allies | -11 -10 -10 -10 -------- Run | Yrd Mat Min Sub Total Allies . | . . . . Largest Group . | . . . . Highest-Rated Group . | . . . . Highest-Rated Ally . | . . . . Total Orders . | . . . . Ally Attacks . | . . . . Total Damage . | . . . . Kills . | . . . . Allies Corrupted . | . . . . Allies Melted . | . . . . Intel | -11 -10 -10 -10 ------- Run | Yrd Mat Min Sub Active Infowar (turns) 1 | . . . 1 Optics 1 | . . . 1 Robot Analysis Total . | . . . . Derelict Logs Recovered 1 | . . 1 . Drone Launches . | . . . . Drone Recoveries . | . . . . Exploration | -11 -10 -10 -10 ------------- Run | Yrd Mat Min Sub Turns Passed 1303 | 62 206 855 180 Spaces Moved 888 | 40 163 624 61 Core 17 | 7 . 10 . Treads 33 | . . . 33 Legs 307 | 33 163 111 . Wheels 19 | . . . 19 Hover . | . . . . Flight 512 | . . 503 9 Fastest Speed 50 | 50 120 117 110 Average Speed 125 | 107 120 119 215 Slowest Speed 277 | 120 120 200 277 Overloaded Moves . | . . . . Propulsion Burnouts . | . . . . Robots Hopped . | . . . . Potential Cave-ins . | . . . . Cave-ins Triggered . | . . . . Exploration Rate (%) 29 | 3 20 90 6 Regions Visited 3 Branch Regions 2 Pre-discovered Areas 1 | . . 1 . Known Exits Taken 2 | . 1 1 . Unknown Exits Taken 1 | 1 . . . Scrap Searched 2 | . . 2 . Spaces Dug 2 | . . 2 . Terrain Destroyed 2 | . . 2 . Melee . | . . . . Projectile 2 | . . 2 . AOE . | . . . . Terrain Rammed . | . . . . Walls Destroyed . | . . . . Machines Disabled . | . . . . Actions | -11 -10 -10 -10 --------- Run | Yrd Mat Min Sub Total 1013 | 56 171 685 101 Wait 18 | 10 4 2 2 Move 885 | 39 162 623 61 Hop . | . . . . Pick Up 19 | 1 3 8 7 Fast Attach 11 | 6 1 2 2 Attach 4 | . . 1 3 Detach 1 | . . 1 . Swap 9 | . . 5 4 Drop 18 | . . 7 11 Fire 35 | . 1 30 4 Melee 13 | . . 6 7 Ram . | . . . . Kick . | . . . . Crush . | . . . . Escape Stasis . | . . . . Rewire . | . . . . Trap . | . . . . Miscellaneous . | . . . . Route ------- -11/Scrapyard -10/Materials (discovered 2 exits: *Min / *Sub) -10/Mines (discovered 4 exits: *Mat x2 / [*Exi] / *Sub) -10/Subcaves History --------- Turn | Location | Event 13 | -11/Scrapyard | Discovered new exit (range 15) 63 | -11/Scrapyard | Entered Materials 181 | -10/Materials | Discovered new exit (range 14) 192 | -10/Materials | Discovered new exit (range 12) 204 | -10/Materials | Identified exit to Mines 269 | -10/Materials | Entered Mines 301 | -10/Mines | Build established: Mutant 309 | -10/Mines | A weapon hastily lodged in a ceiling crevice suddenly fell to the ground 351 | -10/Mines | Discovered new exit (range 10) 551 | -10/Mines | Found the Drone Emporium 557 | -10/Mines | Found Prototype Device 602 | -10/Mines | Discovered new exit (range 4) 604 | -10/Mines | Identified exit to Materials 762 | -10/Mines | Learned location of 1 exit from Materials 794 | -10/Mines | Found a hidden stash of uninstalled traps 839 | -10/Mines | Build established: Scavenger-Mutant 846 | -10/Mines | Deemed a non-threat by the Exiles lab entrance 846 | -10/Mines | Discovered new exit (range 5) 886 | -10/Mines | Learned location of Storage (-8) 1117 | -10/Mines | Discovered new exit (range 6) 1123 | -10/Mines | Identified exit to Subcaves 1124 | -10/Mines | Entered Subcaves 1129 | -10/Subcaves | Core integrity fell below 50% 1286 | -10/Subcaves | Ambushed by swarm of Subdwellers 1301 | -10/Subcaves | Core integrity fell below 20% 1304 | -10/Subcaves | Destroyed by ER-UQM(R) with Subdweller Laser Last Messages --------------- 01288_ GB-4R4(R) emerges from the Twisted Machinery. 01289_ 0Q-MDG(R) emerges from the Twisted Machinery. 01289_ 9J-671(g): "Sorry we're late! Had another grouchy Sub to deal with. Who's the new fellow?" 01289_ 0Q-MDG(R) suffers critical hit (Destroy). 01289_ 0Q-MDG(R) knocked back. 01290_ YA-J2W(h) suffers critical hit (Destroy). 01291_ YR-YZV(R) emerges from the Twisted Machinery. 01293_ YA-J2W(h) destroyed. 01293_ GB-4R4(R) suffers critical hit (Burn). 01296_ YR-YZV(R) suffers critical hit (Smash). 01298_ 0Q-MDG(R) knocked back. 01299_ 9J-671(g) destroyed. 01300_ Scrap Shield destroyed. 01302_ PC-FU7(g) destroyed. 01303_ 97-4LW(g) destroyed. Map ----- +----------------------------------------------------+ | ?????????????????????????????????????????????????? | | ?????????????????????????????????????????????????? | | ?????????????????????????????????????????????????? | | ?????????????????????????????????????????????????? | | ?????????????????????????????????????????????????? | | ?????????????????????????????????????????????????? | | ?????????????????????????????????????????????????? | | ?????????????????????????????????????????????????? | | ??#####??????????????????????????????????????????? | | ?## ##?###?????????????????????????????????????? | | ?# ## #?????????????????????????????????????? | | ?# ! #?????????????????????????????????????? | | ?# ![[ #?????????????????????????????????????? | | ?# / ####?????????????????????????????????????? | | ?##= ###????????????????????????????????????????? | | ??#=[##??????????????????????????????????????????? | | ?##[ #???????????????????????????????????????????? | | ?#! ##??????????????????????????????????????????? | | ?#" ##?????????????????????????????????????????? | | ?#"=%& ##????????????????????????????????????????? | | ?# % ###??????????????????????????????????????? | | ?###! " ####???????####?????????????? ?????? | | ???## """ "#???????# ""#?#####??? ?????????? | | ????###"## ##???????# R### # #????????????? | | ?????# ## #???????##R R% #?????????????? | | ?????# # #########%RRR@ # # #?????????????? | | ?????##"" !##! ##==%* # #????????????????? | | ??????#"" " %&%[ % %!! ##? ##????????????????? | | ?????" "" """ =& % !%!* ##?? ?????????????????? | | ????#"""##"""" #???? ????????????????? | | ????####?## ##### ???????????????? | | ??????????# #???# % ##### ??????????????? | | ??????????# ?? ###;;#?????? #?????????????? | | ?????????? #?? ###?###???????? ##?????????????? | | ??????????#??## ##??????????????##??????????????? | | ??????????????###????????????????????????????????? | | ?????????????????????????????????????????????????? | | ?????????????????????????????????????????????????? | | ?????????????????????????????????????????????????? | | ?????????????????????????????????????????????????? | | ?????????????????????????????????????????????????? | | ?????????????????????????????????????????????????? | | ?????????????????????????????????????????????????? | | ?????????????????????????????????????????????????? | | ?????????????????????????????????????????????????? | | ?????????????????????????????????????????????????? | | ?????????????????????????????????????????????????? | | ?????????????????????????????????????????????????? | | ?????????????????????????????????????????????????? | | ?????????????????????????????????????????????????? | +----------------------------------------------------+ Best States ------------- Heat Dissipation 25 Energy Generation 15 Energy Capacity 200 Matter Stores 300 Matter Capacity 300 Sight Range 16 Terrain Scan Density 10 Armor Coverage 800 Evasion (%) 55 Recoil Reduction 1 Item Schematics ----------------- None Robot Schematics ------------------ None Fabricated ------------ Nothing Repaired ---------- Nothing Studied --------- None Alien Tech Used ----------------- None Achievements -------------- None Challenges ------------ None Game ------ Seed VariableIonFrame Manual? 0 Play Time 00:25:18 Cumulative 6.2 hours Start 2026.06.22 @ 14:56:09 End 2026.06.22 @ 15:28:05 Sessions 1 Manual Loads 0 Difficulty Rogue Special Mode None Game No. 11 Rogue 11 Adventurer 0 Explorer 0 Win Type - Total 0 Types 0/0/0/0/0/0/0/0/0/0 Lore% 3 Gallery% 9 Achievement% 9 Wizard Run 0 Options --------- Layout 1 ASCII 0 Keyboard 0 Movement Mouse Keybinds 0 Fullscreen 1 Font 24/Smallcaps Map View 50x35 Zoom Use 0% Tactical HUD 1 Map Filters NONE Filters NONE Steam 1 RUN: eaa533d3-896c-49d2-ab51-b86d5b2aaca4